 Dungeon Crawl Stone Soup version 0.28.0 (console) character file.

Game seed: 1733021900971005538

819 ryathie the Skirmisher (level 7, -3/48 HPs)
             Began as a Gargoyle Fighter on Feb 19, 2022.
             Slain by a water moccasin zombie (5 damage)
             ... on level 6 of the Dungeon.
             The game lasted 00:08:31 (1574 turns).

ryathie the Skirmisher (Gargoyle Fighter)           Turns: 1574, Time: 00:08:32

Health: -3/48      AC:  6    Str: 20    XL:     7   Next: 95%
Magic:  0/7        EV:  9    Int:  8    God:
Gold:   108        SH:  4    Dex: 11    Spells: 6/6 levels left

rFire   . . .      SeeInvis .   a - +0 war axe
rCold   . . .      Faith    .   c - +0 buckler
rNeg    + . .      Spirit   +   b - +0 scale mail
rPois   ∞          Reflect  .   i - +2 helmet
rElec   +          Harm     .   (no cloak)
rCorr   .          Rampage  .   (no gloves)
Will    .....                   (no boots)
Stlth   ..........              q - amulet of guardian spirit
HPRegen 0.16/turn               (no ring)
MPRegen 0.10/turn               (no ring)

@: mighty, corroded
A: sickness immunity, AC +4, negative energy resistance 1, electricity
resistance, torment resistance 1, petrification resistance
a: no special abilities


You were on level 6 of the Dungeon.
You visited 1 branch of the dungeon, and saw 5 of its levels.
You also visited: Ossuary.

You collected 108 gold pieces.

Inventory:

Hand Weapons
 a - a +0 war axe (weapon)
Missiles
 f - a throwing net (quivered)
Armour
 b - a +0 scale mail (worn)
 c - a +0 buckler (worn)
 i - a +2 helmet (worn)
Jewellery
 q - an amulet of guardian spirit (around neck)
Wands
 h - a wand of flame (9)
Scrolls
 l - a scroll of identify
 m - 2 scrolls of silence
 n - a scroll of immolation {unknown}
 o - a scroll of magic mapping {unknown}
 p - a scroll of teleportation
 r - a scroll of enchant armour
 s - 3 scrolls of fear {unknown}
 t - 3 scrolls of blinking {unknown}
Potions
 d - 2 potions of might
 e - 2 potions of heal wounds
 g - a potion of lignification
 j - 2 potions of cancellation {unknown}
 k - a potion of haste {unknown}


   Skills:
 + Level 7.1 Fighting
 * Level 6.0 Axes
 - Level 3.2 Armour
 - Level 3.2 Shields


You had 6 spell levels left.
You didn't know any spells.
Your spell library was empty.

Dungeon Overview and Level Annotations

Branches:
Dungeon (6/15)            Ossuary (visited)
 Temple: D:4-7

Altars:

Shops:
D:2 =

Annotations:
D:3 Sigmund


Innate Abilities, Weirdness & Mutations

You are immune to sickness and miasma.
Your stone body is resilient. (AC +4)
You are immune to poison.
You resist negative energy. (rN+)
You are resistant to electric shocks. (rElec)
You are resistant to unholy torment.
You are immune to petrification.


Message History

The iguana is moderately wounded.
The iguana completely misses you. The iguana misses you.
You closely miss the iguana.
The iguana is moderately wounded.
The iguana bites you.
You barely miss the iguana.
The iguana is moderately wounded.
The iguana closely misses you. The iguana bites you!
You slash the iguana!
You kill the iguana!
The jelly closely misses you.
You hit the jelly. The acid corrodes you!
Your hands burn!
The jelly is severely wounded.
The jelly closely misses you.
You slash the jelly!
You kill the jelly!
You closely miss the orc priest.
The orc priest hits you with a +0 hand axe.
You hit the orc priest but do no damage.
You hit the orc.
You kill the orc!
The orc priest calls down the wrath of Beogh upon you.
Beogh smites you!
* * * LOW HITPOINT WARNING * * *
You slash the orc priest!
You kill the orc priest!
Your Axes skill increases to level 6!
You see here 22 stones.
A water moccasin zombie comes into view.
Found a Trismegistus Codex.
The water moccasin zombie bites you but does no damage.
You slash the water moccasin zombie!
The water moccasin zombie is moderately damaged.
The water moccasin zombie bites you.
* * * LOW HITPOINT WARNING * * *
You slash the water moccasin zombie!
The water moccasin zombie is heavily damaged.
The water moccasin zombie bites you.
You die...

........##..#.###...##
#♣##♣#...#..#.##.....### ##
###.....(..##.#.....#
#.####.###.#..####.......#### .#
#....#.###..h.##.###..##....#
.######...........##.8##..#8....#
...##......####..###............#
....#.##.#.# ##..##............#
...#..##...# #@.##............#
...# #..##### #Z.##...........[#
...###>.##.. .................#
......##..#######...#############
....#.##.#...# ##..#
.............# ...#
.............# :## .............#
.# ###..........#


You could see a black bear and a water moccasin zombie.

Vanquished Creatures
  A water moccasin (D:6)
  2 phantoms (D:6)
  A scorpion (D:4)
  A jelly (D:6)
  3 centaur zombies (Ossuary)
  2 hounds
  An orc priest (D:6)
  3 iguanas
  An orc wizard (D:6)
  Ijyb (D:3)
  6 mummies (Ossuary)
  2 adders
  A shadow imp (D:6)
  A worm (D:3)
  4 dart slugs
  6 orcs
  2 endoplasms
  A giant cockroach (D:1)
  A goblin (D:3)
  6 hobgoblins
  3 kobolds
  A quokka (D:3)
  5 ball pythons
  2 bats
  A frilled lizard (D:3)
  5 hobgoblin zombies (Ossuary)
  3 rats
66 creatures vanquished.

Notes
Turn   | Place    | Note
-------+----------+-------------------------------------------
     0 | D:1      | ryathie the Gargoyle Fighter began the quest for the Orb.
     0 | D:1      | Reached XP level 1. HP: 14/14 MP: 1/1
   221 | D:1      | Reached XP level 2. HP: 19/19 MP: 2/2
   232 | D:1      | Found a faded altar of an unknown god.
   383 | D:2      | Found Ihonig's Jewellery Shop.
   390 | D:2      | Reached skill level 4 in Fighting
   390 | D:2      | Reached XP level 3. HP: 22/24 MP: 3/3
   418 | D:3      | Noticed Ijyb
   441 | D:3      | Killed Ijyb
   449 | D:3      | Noticed Sigmund
   580 | D:3      | Reached XP level 4. HP: 25/30 MP: 4/4
   813 | D:4      | Noticed a scorpion
   834 | D:4      | Killed a scorpion
   835 | D:4      | Reached skill level 5 in Fighting
   835 | D:4      | Reached XP level 5. HP: 12/35 MP: 5/5
   969 | D:4      | You fall into a shaft and drop 2 floors!
  1005 | D:6      | Noticed a water moccasin
  1016 | D:6      | Killed a water moccasin
  1017 | D:6      | Reached XP level 6. HP: 13/41 MP: 4/6
  1059 | D:6      | Reached skill level 6 in Fighting
  1184 | D:6      | Reached XP level 7. HP: 22/47 MP: 7/7
  1205 | D:6      | Reached skill level 5 in Axes
  1226 | D:6      | Found a sand-covered staircase.
  1232 | Ossuary  | Entered an ossuary
  1548 | D:6      | Reached skill level 7 in Fighting
  1573 | D:6      | HP: 2/48 [water moccasin zombie (4)]
  1574 | D:6      | Slain by a water moccasin zombie

Illustrated notes

Levels and vault maps discovered:
D:1:      scummos_arrival_hexagon, layout_basic,
          ebering_ecumenical_altar_abandoned
D:2:      layout_basic, serial_shops, shop, kennysheep_minor_cross
D:3:      layout_basic, uniq_ijyb, uniq_sigmund
D:4:      layout_basic
D:6:      layout_basic, lightli_ossuary_entry_decrepit_ruins,
          grunt_ministairs_11, minivault_27, st_stairs_7,
          amcnicky_mini_corridor_feature, amcnicky_mini_pool_small

Skill      XL: |  1  2  3  4  5  6  7 |
---------------+----------------------+-----
Axes           | 2 3 4 6 |  6.0
Fighting       | 4 5 6 7 |  7.1
Armour         | |  3.2
Shields        | |  3.2

Action                   |  1- 3 |  4- 6 |  7- 9 || total
-------------------------+-------+-------+-------++-------
Melee: War axe           |    70 |    93 |    58 ||   221
Evoke: Wand              |       |       |     9 ||     9
  Use: Scroll            |       |     7 |       ||     7
       Potion            |       |       |     1 ||     1
Armor: Scale mail        |    38 |    48 |    54 ||   140
Dodge: Dodged            |    23 |    44 |    44 ||   111
Block: Buckler           |    10 |    22 |    16 ||    48
